 Dungeon Crawl Stone Soup version 0.28.0-43-g3370ac3207 (webtiles) character file.

Game seed: 5426132290182855310

4187 croobank the Fighter (level 10, -2/91 HPs)
             Began as a Hill Orc Fighter on Mar 18, 2022.
             Was a Follower of Beogh.
             Slain by a killer bee (6 damage)
             ... on level 8 of the Dungeon.
             The game lasted 00:29:38 (7346 turns).

croobank the Fighter (Hill Orc Fighter)             Turns: 7346, Time: 00:29:40

Health: -2/91      AC: 13    Str: 24    XL:     10   Next: 29%
Magic:  15/15      EV:  9    Int:  8    God:    Beogh [*.....]
Gold:   201        SH:  6    Dex: 16    Spells: 9/9 levels left

rFire   . . .      SeeInvis .   r - +2 whip (elec)
rCold   . . .      Faith    .   c - +0 buckler
rNeg    . . .      Spirit   .   m - +1 scale mail
rPois   .          Reflect  .   (no helmet)
rElec   .          Harm     .   C - scarf {repulsion}
rCorr   .          Rampage  .   (no gloves)
Will    .....                   (no boots)
Stlth   ..........              (no amulet)
HPRegen 0.25/turn               g - +6 ring of dexterity
MPRegen 0.14/turn               u - +4 ring of protection

@: lethally poisoned (-2 -> -6), repel missiles
A: no striking features
a: Renounce Religion


You were on level 8 of the Dungeon.
You worshipped Beogh.
Beogh was aware of your devotion.
You visited 1 branch of the dungeon, and saw 8 of its levels.

You collected 201 gold pieces.

Inventory:

Hand Weapons
 a - a +1 war axe
 b - the +11 hunting sling of the Jumping Weasel {vorpal, Dex+5}
   (You found it on level 3 of the Dungeon)

   Any ammunition fired from it inflicts extra damage upon your enemies.
   Dex:       It affects your dexterity (+5).
 e - a +0 morningstar
 n - a +2 dagger of flaming
 r - a +2 whip of electrocution (weapon)
Missiles
 f - 15 poisoned darts
 k - 56 sling bullets
 p - 163 stones
 w - 18 bolts
 D - 40 arrows
Armour
 c - a +0 buckler (worn)
 i - a +0 kite shield
 m - a +1 scale mail (worn)
 C - a scarf of repulsion (worn)
Jewellery
 d - a ring of wizardry
 g - a +6 ring of dexterity (left hand)
 j - a +6 ring of intelligence
 l - an amulet of guardian spirit
 u - a +4 ring of protection (right hand)
 v - a ring of willpower
 E - an amulet of magic regeneration
 F - a +6 ring of dexterity
Wands
 t - a wand of iceblast (5) (quivered)
Scrolls
 h - a scroll of identify
 y - a scroll of vulnerability
 z - a scroll of magic mapping
 B - a scroll of immolation
 I - a scroll of amnesia
Potions
 o - a potion of degeneration
 x - a potion of brilliance
 A - a potion of ambrosia


   Skills:
 + Level 9.3 Fighting
 - Level 3.9 Axes
 - Level 4.4 Slings
 + Level 8.4 Armour
 + Level 8.5 Shields
 + Level 7.3 Invocations


You had 9 spell levels left.
You didn't know any spells.
Your spell library contained the following spells:

 Spells                   Type           Power      Damage    Failure   Level
 Gell's Gravitas          Tloc           0%         N/A       98%         3
 Lesser Beckoning         Tloc           0%         N/A       98%         3
 Teleport Other           Tloc           0%         N/A       98%         3
 Tukima's Dance           Hex            0%         N/A       98%         3
 Anguish                  Hex/Necr       0%         N/A       100%        4
 Enfeeble                 Hex            0%         N/A       100%        7


Dungeon Overview and Level Annotations

Branches:
Dungeon (8/15)             Temple (0/1) D:4
   Lair: D:8-11

Altars:
Ashenzari
Gozag
Qazlal
Vehumet
The Shining One

Shops:
D:3 =

Portals:
Bailey: D:8


Message History

Okay, then.
You miss the killer bee.
The killer bee is moderately wounded.
The killer bee stings you but does no damage.
The killer bee barely misses you.
You closely miss the killer bee.
The killer bee is moderately wounded.
The killer bee stings you but does no damage. x2
You miss the killer bee.
The killer bee is moderately wounded.
You block the killer bee's attack.
The killer bee stings you but does no damage.
You hit the killer bee.
The killer bee is heavily wounded.
You block the killer bee's attack. The killer bee stings you.
* * * LOW HITPOINT WARNING * * *
The killer bee stings you.
* * * LOW HITPOINT WARNING * * *
Okay, then.
You are too injured to fight recklessly!
You start putting on your amulet.
You continue putting on your amulet of guardian spirit.
The killer bee stings you.
Keep equipping yourself?
* * * LOW HITPOINT WARNING * * *
You are lethally poisoned!
The killer bee poisons you!
The killer bee stings you but does no damage.
You continue putting on your amulet of guardian spirit.
* * * LOW HITPOINT WARNING * * *
You feel sick.
The killer bee stings you but does no damage. x2
You continue putting on your amulet of guardian spirit.
* * * LOW HITPOINT WARNING * * *
You feel sick. You block the killer bee's attack.
The killer bee closely misses you.
You continue putting on your amulet of guardian spirit.
* * * LOW HITPOINT WARNING * * *
You feel sick. The killer bee stings you.
You die...

#.# #.#######.#
#....†<##.######.
#................
..########.######
#.# #.#
######D#######.#
......yyy@.......
8.....#########..
...... ...8y
...y. .... ∩...


You could see an acid dragon and 3 killer bees.

Vanquished Creatures
  A two-headed ogre (D:7)
  A kobold demonologist (D:7)
  Prince Ribbit (D:5)
  A wyvern (D:8)
  A shadow (D:6)
  3 yaks
  Duvessa (D:4)
  3 water moccasins
  A hornet zombie (D:7)
  An ice beast (D:7)
  A necrophage (D:5)
  3 ogres
  A phantom (D:4)
  A kobold brigand (D:6)
  2 bullfrogs
  4 scorpions
  A wyvern zombie (D:4)
  Dowan (D:4)
  A water moccasin skeleton (D:6)
  3 killer bees (D:8)
  2 centaur zombies (D:7)
  2 orc priests (D:7)
  3 centaur skeletons (D:7)
  4 bullfrog skeletons
  2 hounds
  A gnoll shaman (D:7)
  3 iguanas
  2 orc wizards
  A howler monkey zombie (D:7)
  5 adders
  2 gnolls (D:7)
  A howler monkey skeleton (D:4)
  A shadow imp (D:8)
  2 white imps (D:7)
  An ufetubus (D:6)
  An adder skeleton (D:4)
  A worm (D:2)
  A dart slug (D:3)
  4 orcs
  10 endoplasms
  2 giant cockroaches
  7 goblins
  10 hobgoblins
  2 jackals (D:3)
  5 quokkas
  4 ball pythons
  5 bats
  5 frilled lizards
  10 kobolds
  A quokka skeleton (D:4)
  5 rats
137 creatures vanquished.

Vanquished Creatures (others)
  An orc priest (D:6)
  37 plants (D:7)
38 creatures vanquished.

Grand Total: 175 creatures vanquished

Notes
Turn   | Place    | Note
-------+----------+-------------------------------------------
     0 | D:1      | croobank the Hill Orc Fighter began the quest for the Orb.
     0 | D:1      | Reached XP level 1. HP: 19/19 MP: 1/1
   151 | D:1      | Reached XP level 2. HP: 15/27 MP: 2/2
   814 | D:2      | Reached skill level 4 in Fighting
   895 | D:2      | Found a faded altar of an unknown god.
   987 | D:2      | Reached XP level 3. HP: 31/33 MP: 3/3
  1795 | D:3      | Reached XP level 4. HP: 34/41 MP: 4/4
  1849 | D:3      | Found Ekoxeof's Jewellery Shoppe.
  1921 | D:3      | Identified the +11 hunting sling of the Jumping Weasel
                  | {vorpal, Dex+5}
  2350 | D:4      | Noticed a scorpion
  2352 | D:4      | Killed a scorpion
  2353 | D:4      | Reached skill level 1 in Slings
  2353 | D:4      | Reached XP level 5. HP: 37/47 MP: 5/5
  2498 | D:4      | Reached skill level 5 in Fighting
  2498 | D:4      | Reached XP level 6. HP: 29/56 MP: 6/6
  2724 | D:4      | Noticed Duvessa
  2724 | D:4      | Noticed Dowan
  2730 | D:4      | Killed Dowan
  2746 | D:4      | HP: 1/56 [Duvessa/+0 short sword (10)]
  2748 | D:4      | Killed Duvessa
  3159 | D:4      | Reached XP level 7. HP: 61/61 MP: 7/7
  3179 | D:4      | Reached skill level 5 in Armour
  3179 | D:4      | Reached skill level 5 in Shields
  3408 | D:4      | Found a staircase to the Ecumenical Temple.
  3506 | D:5      | Entered Level 5 of the Dungeon
  3688 | D:5      | Noticed a two-headed ogre
  3815 | D:6      | Reached skill level 6 in Fighting
  3818 | D:6      | Found a radiant altar of Vehumet.
  3824 | D:6      | Reached XP level 8. HP: 39/70 MP: 8/8
  3860 | D:6      | Found a broken altar of Ashenzari.
  4102 | D:5      | Reached skill level 1 in Invocations
  4200 | D:5      | Noticed Prince Ribbit
  4222 | D:5      | Killed Prince Ribbit
  4366 | D:5      | Reached skill level 7 in Fighting
  4606 | D:6      | Became a worshipper of Beogh the Brigand
  4609 | D:6      | Noticed a yak
  4611 | D:6      | Noticed a yak
  4840 | D:7      | Reached XP level 9. HP: 74/79 MP: 11/11
  4841 | D:7      | Noticed a two-headed ogre
  4841 | D:7      | Noticed a seven-headed hydra
  5403 | D:6      | Found a glowing golden altar of the Shining One.
  5543 | D:6      | Found an opulent altar of Gozag.
  5543 | D:6      | Found a stormy altar of Qazlal.
  5625 | D:6      | Reached skill level 8 in Fighting
  5625 | D:6      | Reached skill level 5 in Invocations
  6061 | D:7      | Killed a two-headed ogre
  6224 | D:7      | Paralysed by a gnoll for 3 turns
  6236 | D:7      | Paralysed by a gnoll for 4 turns
  6470 | D:7      | Reached XP level 10. HP: 55/90 MP: 14/14
  6865 | D:7      | Noticed a kobold demonologist
  6868 | D:7      | Killed a kobold demonologist
  6869 | D:7      | Reached skill level 9 in Fighting
  7043 | D:6      | Reached * piety under Beogh
  7322 | D:8      | Found a flagged portal.
  7345 | D:8      | HP: 4/91 [poisoned by a killer bee]
  7346 | D:8      | Slain by a killer bee

Illustrated notes

Levels and vault maps discovered:
D:1:      amcnicky_arrival_gap_in_the_tavern_cellar, layout_loops_ring
D:2:      layout_basic, shapermc_ecumenical_altar_totnotflames,
          chequers_hall_statues_y, nrook_mini_vaults, kennysheep_generic_room_14
D:3:      layout_basic, serial_shops, shop, minmay_misc_feat_pillars
D:4:      layout_loops_ring, minmay_temple_entry_glassed_door, uniq_duvessa
D:5:      layout_basic, uniq_prince_ribbit1
D:6:      layout_cave_pools, nicolae_ashenzari_panopticon,
          mainiacjoe_overflow_catwalk, minitemple, tso_altar
D:7:      nzn_winding_woodlands_stair_cross
          [nzn_winding_woodlands_5x15_sidewinder,
          nzn_winding_woodlands_center_diamonds,
          nzn_winding_woodlands_5x15_concentric,
          nzn_winding_woodlands_hourglass,
          nzn_winding_woodlands_5x5_checkerboard,
          nzn_winding_woodlands_5x15_garden,
          nzn_winding_woodlands_center_triple_pond,
          nzn_winding_woodlands_5x15_sawtooth], layout_basic, kennysheep_mini,
          nicolae_hepliaklqana_hazy_memory, serial_bayou_lake_a
D:8:      layout_basic, enter_bailey_6

Skill      XL: |  1  2  3  4  5  6  7  8  9 10 |
---------------+-------------------------------+-----
Axes           | 3 |  3.9
Fighting       | 4 5 6 7 8 9 |  9.3
Armour         | 4 5 6 8 |  8.4
Shields        | 4 5 6 8 |  8.5
Slings         | 1 2 4 |  4.4
Invocations    | 3 6 7 |  7.3

Action                   |  1- 3 |  4- 6 |  7- 9 | 10-12 || total
-------------------------+-------+-------+-------+-------++-------
Melee: War axe           |   105 |    40 |   144 |    38 ||   327
       Whip              |       |       |       |    17 ||    17
 Fire: Hunting sling     |       |    49 |    73 |     3 ||   125
Throw: Dart              |       |       |     1 |       ||     1
Invok: Convert to Beogh  |       |       |     1 |       ||     1
Evoke: Wand              |       |       |     2 |     1 ||     3
  Use: Scroll            |     4 |       |    14 |     1 ||    19
       Potion            |       |     3 |     4 |     1 ||     8
Armor: Scale mail        |    39 |    26 |   114 |    57 ||   236
       Skin              |       |       |     8 |       ||     8
Dodge: Dodged            |    41 |    31 |    92 |    36 ||   200
Block: Buckler           |    25 |    23 |    54 |    30 ||   132
